 Dungeon Crawl Stone Soup version 0.22.0-38-g04b72b8 (webtiles) character file.

4 domi the Sneak (level 1, -1/11 HPs)
             Began as a Vine Stalker Assassin on Aug 29, 2018.
             Slain by a gnoll (4 damage)
             ... on level 1 of the Dungeon.
             The game lasted 00:00:55 (265 turns).

domi the Sneak (Vine Stalker Assassin)               Turns: 265, Time: 00:00:55

Health: -1/11      AC:  3    Str: 13    XL:     1   Next: 70%
Magic:  0/2        EV: 11    Int: 11    God:
Gold:   11         SH:  0    Dex: 15    Spells: 0/0 levels left

rFire    . . .     SeeInvis .   b - +0 blowgun
rCold    . . .     Gourm    .   (no shield)
rNeg     . . .     Faith    .   c - +0 robe
rPois    .         Spirit   +   (no helmet)
rElec    .         Reflect  .   d - +0 cloak
rCorr    .         Harm     .   (no gloves)
MR       .....                  (no boots)
Stlth    +++.......             (no amulet)
HPRegen  0.03/turn              (no ring)
MPRegen  0.08/turn              (no ring)

@: no status effects
A: fangs 2, magic shield, antimagic bite, no potion heal 3, rot immunity
a: no special abilities


You were on level 1 of the Dungeon.
You were not hungry.

You visited 1 branch of the dungeon, and saw 1 of its levels.

You collected 11 gold pieces.

Inventory:

Hand Weapons
 a - a +2 dagger
 b - a +0 blowgun (weapon)
Missiles
 e - a poisoned needle (quivered)
 f - 2 curare-tipped needles {=f}
 i - 19 stones
Armour
 c - a +0 robe (worn)
 d - a +0 cloak (worn)
Comestibles
 g - 2 rations {@e1}
 h - 3 chunks of flesh {@w0}


   Skills:
 + Level 1.9 Fighting
 * Level 2.0 Short Blades
 - Level 1.7 Throwing
 - Level 0.7 Dodging
 - Level 4.8 Stealth


You couldn't memorise any spells.
You didn't know any spells.
Your spell library was empty.

Dungeon Overview and Level Annotations

Branches:
Dungeon (1/15)

Altars:


Innate Abilities, Weirdness & Mutations

You have extremely sharp teeth.
When hurt, damage is shared between your health and your magic reserves.
Your bite disrupts and absorbs the magic of your enemies.
Potions cannot restore your health.
You are immune to rotting.


Message History

The ball python bites you but does no damage.
The ball python constricts you.
You hit the ball python.
You kill the ball python!
g - 2 rations {@e1} (gained 1)
Found a stone staircase leading down.
A rat comes into view.
Health restored: 11 A rat is nearby!
A rat is nearby!
You see here 11 gold pieces.
You hit the rat but do no damage. The rat closely misses you.
You hit the rat. You hit the rat but do no damage. Your bite misses the rat.
The rat misses you.
You hit the rat but do no damage. Your bite misses the rat.
The rat bites you but does no damage.
You hit the rat but do no damage. Your bite misses the rat.
The rat barely misses you.
You hit the rat.
You kill the rat!
Your Short Blades skill increases to level 2!
You see here a rat corpse.
You butcher the rat corpse.
h - a chunk of flesh {@w0} You now have 11 gold pieces.
A hobgoblin comes into view. It is wielding a club.
A hobgoblin is nearby!
A hobgoblin is nearby!
A hobgoblin is nearby!
The hobgoblin shouts!
You closely miss the hobgoblin. The hobgoblin barely misses you.
You hit the hobgoblin.
The hobgoblin hits you but does no damage.
You completely miss the hobgoblin. Your bite misses the hobgoblin.
The hobgoblin hits you but does no damage.
You barely miss the hobgoblin. You hit the hobgoblin but do no damage.
Your bite misses the hobgoblin.
The hobgoblin hits you but does no damage.
You hit the hobgoblin but do no damage. Your bite misses the hobgoblin.
The hobgoblin barely misses you.
You hit the hobgoblin.
You kill the hobgoblin!
Things that are here:
a club; a hobgoblin corpse You see here 19 stones.
i - 19 stones
Things that are here:
a club; a hobgoblin corpse You butcher the hobgoblin corpse.
h - 3 chunks of flesh {@w0} (gained 2)
You see here a club.
A gnoll comes into view.
The gnoll shouts!
A gnoll is nearby!
A gnoll is nearby!
A gnoll is nearby!
b - a +0 blowgun (weapon)
Firing (i - inventory. (/) - cycle)
e - 8 poisoned needles (quivered)
Aim: a gnoll You shoot a poisoned needle.
The poisoned needle closely misses the gnoll.
Firing (i - inventory. (/) - cycle)
e - 7 poisoned needles (quivered)
Aim: a gnoll You shoot a poisoned needle.
The poisoned needle closely misses the gnoll.
An ooze comes into view.
The gnoll hits you but does no damage.
Firing (i - inventory. (/) - cycle)
e - 6 poisoned needles (quivered)
Aim: a gnoll You shoot a poisoned needle.
The poisoned needle hits the gnoll.
The gnoll hits you!
Ouch! That really hurt!
You take 6 damage, and have 5/11 hp.
MASSIVE DAMAGE!!
You now have 1/2 mp.
Firing (i - inventory. (/) - cycle)
e - 5 poisoned needles (quivered)
Aim: a gnoll You shoot a poisoned needle.
The poisoned needle hits the gnoll.
The gnoll is poisoned.
The gnoll barely misses you.
The gnoll looks more healthy.
MP restored: 2 Firing (i - inventory. (/) - cycle)
e - 4 poisoned needles (quivered)
Aim: a gnoll (lightly wounded)
You shoot a poisoned needle. The poisoned needle hits the gnoll.
The gnoll is poisoned.
The gnoll barely misses you.
The gnoll looks more healthy.
Firing (i - inventory. (/) - cycle)
e - 3 poisoned needles (quivered)
Aim: a gnoll (moderately wounded)
You shoot a poisoned needle. The poisoned needle hits the gnoll.
The gnoll hits you.
* * * LOW HITPOINT WARNING * * *
You take 3 damage, and have 3/11 hp.
MASSIVE DAMAGE!!
You now have 0/2 mp.
You see here a rat corpse.
Firing (i - inventory. (/) - cycle)
e - 2 poisoned needles (quivered)
Aim: a gnoll (moderately wounded)
You shoot a poisoned needle. The poisoned needle hits the gnoll.
The gnoll is poisoned.
The gnoll hits you.
You die...

#.# #.....#
#..#...##
#.##### #######
#......# #.....#
##.##### #####.#
#(# #.# #.#
#.############.#
#....#†.....##.#
####.#.####.##.#
#...@g......#
###.####.####
#.####.#
#......#
########


You could see a gnoll.

Vanquished Creatures
  A hobgoblin (D:1)
  A ball python (D:1)
  4 rats (D:1)
6 creatures vanquished.

Notes
Turn   | Place    | Note
-------+----------+-------------------------------------------
     0 | D:1      | domi the Vine Stalker Assassin began the quest for the Orb.
     0 | D:1      | Reached XP level 1. HP: 11/11 MP: 2/2
   145 | D:1      | Reached skill level 2 in Short Blades
   265 | D:1      | Slain by a gnoll

Skill      XL: |  1 |
---------------+----+-----
Short Blades   | 2 |  2.0
Fighting       | |  1.9
Throwing       | |  1.7
Dodging        | |  0.7
Stealth        | |  4.8

Action                   || total
-------------------------++-------
Melee: Dagger            ||    22
       Bite              ||     2
 Fire: Blowgun           ||     7
 Stab: Sleeping          ||     1
Armor: Robe              ||     6
Dodge: Dodged            ||    13

Vault maps used:
D:1:      lemuel_arrival_tunnels, kennysheep_pointless_box

Table legend:
 A = Turns spent in this place as a percentage of turns spent in the entire game.
 B = Non-inter-level travel turns spent in this place as a percentage of non-inter-level travel turns spent in the entire game.
 C = Inter-level travel turns spent in this place as a percentage of turns spent in this place.
 D = Turns resting spent in this place as a percentage of non-inter-level travel turns spent in this place.
 E = Turns spent auto-exploring this place as a percentage of non-inter-level travel turns spent in this place.
 F = Non-inter-level travel turns spent in this place divided by the number of levels of this place that you've seen.
                   A       B       C       D       E      F
               +-------+-------+-------+-------+-------+----------------------
         Total | 100.0 | 100.0 |   0.0 |   0.0 |  61.1 | 265.0
       Dungeon | 100.0 | 100.0 |   0.0 |   0.0 |  61.1 | 265.0
               +-------+-------+-------+-------+-------+----------------------

Table legend:
 A = Kills in this place as a percentage of kills in entire the game.
 B = Kills by you in this place as a percentage of kills by you in the entire game.
 C = Kills by friends in this place as a percentage of kills by friends in the entire game.
 D = Other kills in this place as a percentage of other kills in the entire game.
 E = Experience gained in this place as a percentage of experience gained in the entire game.
 F = Experience gained in this place divided by the number of levels of this place that you have seen.
                   A       B       C       D       E      F
               +-------+-------+-------+-------+-------+----------------------
         Total | 100.0 | 100.0 |   N/A |   N/A | 100.0 |   7.0
       Dungeon | 100.0 | 100.0 |   N/A |   N/A | 100.0 |   7.0
               +-------+-------+-------+-------+-------+----------------------
